 Dungeon Crawl Stone Soup version 0.29-a0-451-gfbfa42419e (webtiles) character file.

Game seed: 5501734426674988662

49 rageheart7 the Ruffian (level 3, -1/29 HPs)
             Began as a Draconian Transmuter on May 19, 2022.
             Slain by an orc priest
             ... wielding a +0 hand axe
              (2 damage)
             ... on level 3 of the Dungeon.
             The game lasted 00:01:39 (1515 turns).

rageheart7 the Ruffian (Draconian Transmuter)       Turns: 1515, Time: 00:01:40

Health: -1/29      AC:  5    Str: 14    XL:     3   Next: 51%
Magic:  6/6        EV: 12    Int: 13    God:
Gold:   183        SH:  0    Dex: 11    Spells: 5/6 levels left

rFire   . . .      SeeInvis .     - Unarmed
rCold   . . .      Faith    .   f - orb {light}
rNeg    . . .      Spirit   .   (body armour unavailable)
rPois   .          Reflect  .   (helmet restricted)
rElec   .          Harm     .   (no cloak)
rCorr   .          Rampage  .   (no gloves)
Will    +....                   (no boots)
Stlth   +.........              (no amulet)
HPRegen 0.09/turn               n - ring of willpower
MPRegen 0.10/turn               (no ring)

@: glowing
A: AC +5, unfitting armour, cold-blooded
a: no special abilities


You were on level 3 of the Dungeon.
You visited 1 branch of the dungeon, and saw 3 of its levels.

You collected 183 gold pieces.

Inventory:

Armour
 f - an orb of light (worn)
Jewellery
 n - a ring of willpower (left hand)
Scrolls
 i - a scroll of amnesia {unknown}
 j - a scroll of noise {unknown}
 k - a scroll of enchant weapon {unknown}
 l - a scroll of fear {unknown}
Potions
 a - a potion of lignification
 b - a potion of magic {unknown}
 c - a potion of heal wounds {unknown}
 d - a potion of resistance {unknown}
 e - a potion of might {unknown}
 g - a potion of flight {unknown}
 h - a potion of attraction {unknown}
 m - a potion of mutation {unknown}


   Skills:
 + Level 2.2 Fighting
 - Level 1.7 Dodging
 * Level 4.1 Unarmed Combat
 - Level 2.0 Spellcasting
 - Level 2.0 Transmutations


You had 5 spell levels left.
You knew the following spells:

 Your Spells              Type           Power      Damage    Failure   Level
a - Beastly Appendage     Tmut           12%        N/A       11%         1

Your spell library contained the following spells:

 Spells                   Type           Power      Damage    Failure   Level
 Wereblood                Tmut           6%         N/A       17%         2
 Spider Form              Tmut/Pois      3%         N/A       45%         3
 Ice Form                 Ice/Tmut       3%         N/A       86%         4


Dungeon Overview and Level Annotations

Branches:
Dungeon (3/15)

Altars:


Innate Abilities, Weirdness & Mutations

Your plain brown scales are hard. (AC +5)
You cannot fit into any form of body armour.
You are cold-blooded and may be slowed by cold attacks.


Message History

The orc hits you with a +0 dagger. The orc hits you but does no damage.
There is a stone staircase leading up here.
You hit the orc but do no damage. The orc hits you with a +0 dagger.
The orc misses you.
You hit the orc.
The orc is moderately wounded.
The orc misses you. The orc hits you with a +0 short sword.
You punch the orc!
You kill the orc!
The orc hits you with a +0 short sword.
You barely miss the orc. The orc hits you with a +0 short sword.
You are too injured to fight recklessly!
You are too injured to fight recklessly!
You are too injured to fight recklessly!
You hit the orc.
The orc is severely wounded.
The orc hits you with a +0 short sword.
You hit the orc.
You kill the orc!
You see here a +0 short sword.
n - a ring of willpower
n - a ring of willpower (left hand)
An orc priest is nearby!
You are too injured to fight recklessly!
You are too injured to fight recklessly!
The orc priest calls down the wrath of Beogh upon you.
Beogh smites you!
* * * LOW HITPOINT WARNING * * *
The orc priest hits you with a +0 hand axe.
* * * LOW HITPOINT WARNING * * *
You hit the orc priest but do no damage.
The orc priest misses you.
You hit the orc priest.
The orc priest is moderately wounded.
The orc priest hits you but does no damage.
You hit the orc priest but do no damage.
You tail-slap the orc priest, but do no damage.
The orc priest is moderately wounded.
The orc priest hits you with a +0 hand axe.
You die...

##### ##...##
##.....## #
#.......# #..
#.......#
#....###.......#
#.....o@......####.
#....###...........
#.. #.......###. #
#).)........
##<.........
##...#.....
.....?....
.#########. #


You could see an orc priest.

Vanquished Creatures
  2 dart slugs (D:1)
  3 orcs
  5 ball pythons
  2 endoplasms (D:2)
  3 giant cockroaches
  5 goblins
  A hobgoblin (D:1)
  3 quokkas
  4 bats
  2 frilled lizards (D:2)
  3 kobolds
  6 rats
39 creatures vanquished.

Notes
Turn   | Place    | Note
-------+----------+-------------------------------------------
     0 | D:1      | rageheart7 the Draconian Transmuter began the quest for the
                  | Orb.
     0 | D:1      | Reached XP level 1. HP: 16/16 MP: 3/3
    90 | D:1      | Reached XP level 2. HP: 23/23 MP: 5/5
   747 | D:2      | Reached XP level 3. HP: 29/29 MP: 4/6
   976 | D:2      | Reached skill level 4 in Unarmed Combat
  1234 | D:2      | Found a faded altar of an unknown god.
  1509 | D:3      | HP: 1/29 [orc priest/divine providence (10)]
  1515 | D:3      | Slain by an orc priest

Illustrated notes

Levels and vault maps discovered:
D:1:      dpeg_arrival_central, layout_rooms
D:2:      layout_basic, dreamdust_ecumenical_altar_statues,
          minmay_stone_trees_medium, minmay_stone_trees_large
D:3:      layout_rooms, tgw_kikubaaqudgha, portal_sewer_entry_a

Skill      XL: |  1  2  3 |
---------------+----------+-----
Fighting       | 2 |  2.2
Unarmed Combat | 4 |  4.1
Dodging        | |  1.7
Spellcasting   | |  2.0
Transmutations | |  2.0

Action                   || total
-------------------------++-------
Melee: Unarmed           ||    89
       Kick              ||     7
       Tailslap          ||     8
       Headbutt          ||     2
 Cast: Beastly Appendage ||    13
Armor: Skin              ||    23
Dodge: Dodged            ||    38

Table legend: (Time is in decaauts)
 A = Elapsed time spent in this place.
 B = Non-inter-level travel time spent in this place.
 C = Inter-level travel time spent in this place.
 D = Time resting spent in this place.
 E = Time spent auto-exploring this place.
 F = Levels seen in this place.
 G = Mean time per level.
                   A        B        C        D        E       F      G
               +--------+--------+--------+--------+--------+-----+--------+
         Total |   1510 |   1479 |     31 |      0 |   1243 |   3 |  503.3 |
       Dungeon |   1510 |   1479 |     31 |      0 |   1243 |   3 |  503.3 |
               +--------+--------+--------+--------+--------+-----+--------+

Top non-repeatable levels by time:
     D:2: 868 daAuts
     D:1: 603 daAuts
     D:3: 38 daAuts
